 Dungeon Crawl Stone Soup version 0.27-a0-965-gbf8bb431c4 (webtiles) character file.

Game seed: 2889370546251639380

38 spiderkeys the Skirmisher (level 3, -2/29 HPs)
             Began as a Demonspawn Abyssal Knight on Apr 12, 2021.
             Was a Follower of Lugonu.
             Slain by Natasha (7 damage)
             ... on level 2 of the Dungeon.
             The game lasted 00:02:01 (1954 turns).

spiderkeys the Skirmisher (DsAK)                    Turns: 1954, Time: 00:02:02

Health: -2/29      AC:  3    Str: 12    XL:     3   Next: 25%
Magic:  5/5        EV: 11    Int: 22    God:    Lugonu [*.....]
Gold:   49         SH:  0    Dex: 12    Spells: 2/2 levels left

rFire    . . .     SeeInvis .   a - +1 spear
rCold    . . .     Faith    .   (no shield)
rNeg     . . .     Spirit   .   b - +0 leather armour
rPois    .         Reflect  .   (helmet restricted)
rElec    .         Harm     .   (no cloak)
rCorr    .         Rampage  .   (no gloves)
Will     .....                  (no boots)
Stlth    +.........             (no amulet)
HPRegen  0.09/turn              h - +6 ring of intelligence
MPRegen  0.09/turn              (no ring)

@: no status effects
A: horns 1, big brain 1
a: Renounce Religion, Depart the Abyss


You were on level 2 of the Dungeon.
You worshipped Lugonu.
Lugonu was aware of your devotion.
You visited 1 branch of the dungeon, and saw 2 of its levels.
You visited the Abyss 1 time.

You collected 49 gold pieces.

Inventory:

Hand Weapons
 a - a +1 spear (weapon)
Armour
 b - a +0 leather armour (worn)
Jewellery
 h - a +6 ring of intelligence (left hand)
Wands
 c - a wand of acid (8)
 d - a wand of charming (8)
Scrolls
 f - a scroll of noise
Potions
 j - a potion of flight {unknown}


   Skills:
 + Level 3.2 Fighting
 * Level 2.4 Polearms
 + Level 2.1 Armour
 + Level 1.3 Dodging
 + Level 3.0 Invocations


You had 2 spell levels left.
You didn't know any spells.
Your spell library was empty.

Dungeon Overview and Level Annotations

Branches:
Dungeon (2/15)

Altars:

Annotations:
D:2 Natasha


Innate Abilities, Weirdness & Mutations

You have a pair of small horns on your head.
You have an unusually large brain. (Int +2)


Message History

There is a stone staircase leading down here.
You climb downwards.
There is a stone staircase leading up here.
Found an escape hatch in the floor.
A bat and Natasha come into view.
Natasha hisses angrily.
You hear a shout!
Natasha mumbles some strange words.
You feel troubled.
Natasha mumbles some strange words.
The bat barely misses you.
A goblin comes into view. It is wielding a +0 dagger.
Found 3 stones.
Found a stone staircase leading down.
You miss the bat. The bat closely misses you. The bat barely misses you.
You hit the bat.
You kill the bat!
Lugonu accepts your kill.
An adder comes into view.
The adder hisses angrily.
Natasha stares at you and mumbles some strange words.
The magic dart hits you!
Natasha mumbles some strange words.
Natasha's front paws start to glow.
Natasha casts a spell at you. The magic dart hits you!
You are too injured to fight recklessly!
You are too injured to fight recklessly!
You are too injured to fight recklessly!
The shadow imp closely misses you. Natasha closely misses you.
You barely miss Natasha. The shadow imp misses you. Natasha claws you.
* * * LOW HITPOINT WARNING * * *
You hit Natasha. Your headbutt misses Natasha.
Natasha is heavily wounded.
The goblin hits you with a +0 dagger.
* * * LOW HITPOINT WARNING * * *
The shadow imp hits you but does no damage.
Natasha mumbles some strange words.
You hit Natasha.
Natasha is severely wounded.
The goblin closely misses you. Natasha claws you!
You die...

#.....########.
#.........>....
#......########
#.##.#.# #.##.#.#
#.##.#.###########
#.##.#............
#.##.#############
#..###@##..... #<#
#....5hg.## #.#
#.....S.....# #.#
#.>....5....# #.#
#...##.#....# #.#
#... .......# #.#
#.. ...##### #.#
#(. ... #.# #.
....# #.#


You could see Natasha, an adder, a white imp (summoned), a shadow imp (summoned)
and a goblin.

Vanquished Creatures
  A dart slug (D:1)
  3 bats
  4 endoplasms (D:1)
  A giant cockroach (D:1)
  A hobgoblin (D:1)
  8 jackals (D:1)
  4 quokkas (D:1)
  2 ball pythons (D:1)
  2 frilled lizards (D:1)
  A kobold (D:1)
  3 rats (D:1)
30 creatures vanquished.

Vanquished Creatures (others)
  4 fungi (D:1)
  4 starspawn tentacles (Abyss:2)
8 creatures vanquished.

Grand Total: 38 creatures vanquished

Notes
Turn   | Place    | Note
-------+----------+-------------------------------------------
     0 | Abyss:1  | spiderkeys the Demonspawn Abyssal Knight began the quest
                  | for the Orb.
     0 | Abyss:1  | Reached XP level 1. HP: 18/18 MP: 2/2
    69 | Abyss:1  | Noticed a raiju
    96 | Abyss:2  | Noticed a tentacled starspawn
   153 | D:1      | Escaped the Abyss
   157 | D:1      | Found a faded altar of an unknown god.
   197 | D:1      | Reached skill level 1 in Dodging
   216 | D:1      | Gained mutation: You have an unusually large brain. (Int
                  | +2) [demonic ancestry]
   216 | D:1      | Reached XP level 2. HP: 9/24 MP: 4/4
  1009 | D:1      | Gained mutation: You have a pair of small horns on your
                  | head. [demonic ancestry]
  1009 | D:1      | Reached XP level 3. HP: 28/29 MP: 5/5
  1944 | D:2      | Noticed Natasha
  1954 | D:2      | Slain by Natasha

Illustrated notes

Levels and vault maps discovered:
D:1:      lemuel_arrival_tunnels, layout_basic, shapermc_ecumenical_altar_gd
D:2:      layout_basic, serial_shops, shop_fountains, uniq_jessica, uniq_natasha

Skill      XL: |  1  2 |
---------------+-------+-----
Dodging        | 1 |  1.3
Polearms       | 2 |  2.4
Armour         | 2 |  2.1
Invocations    | 3 |  3.0
Fighting       | |  3.2

Action                   || total
-------------------------++-------
Melee: Spear             ||   106
       Headbutt          ||     3
  Use: Scroll            ||     6
 Stab: Sleeping          ||     1
Armor: Leather armour    ||    18
Dodge: Dodged            ||    55

Table legend: (Time is in decaauts)
 A = Elapsed time spent in this place.
 B = Non-inter-level travel time spent in this place.
 C = Inter-level travel time spent in this place.
 D = Time resting spent in this place.
 E = Time spent auto-exploring this place.
 F = Levels seen in this place.
 G = Mean time per level.
                   A        B        C        D        E       F      G
               +--------+--------+--------+--------+--------+-----+--------+
         Total |   1951 |   1926 |     25 |      0 |   1646 |   5 |  390.2 |
       Dungeon |   1798 |   1773 |     25 |      0 |   1579 |   2 |  899.0 |
         Abyss |    152 |    152 |      0 |      0 |     67 |   3 |   50.7 |
               +--------+--------+--------+--------+--------+-----+--------+

Top non-repeatable levels by time:
     D:1: 1731 daAuts
 Abyss:1: 72 daAuts
     D:2: 67 daAuts
 Abyss:3: 45 daAuts
 Abyss:2: 34 daAuts
